 Dungeon Crawl Stone Soup version 0.26-b1-32-g5d43845318 (webtiles) character file.

Game seed: 7159979114277045365

3013 Arum the Fighter (level 10, -1/83 HPs)
             Began as a Formicid Fighter on Jan 11, 2021.
             Was a Priest of Qazlal.
             Drowned by a water nymph (shapeshifter) (10 damage)
             ... on level 7 of the Dungeon.
             The game lasted 00:11:22 (5695 turns).

Arum the Fighter (Formicid Fighter)                 Turns: 5695, Time: 00:11:22

Health: -1/83      AC: 11    Str: 23 (26) XL:     10   Next: 10%
Magic:  10/10      EV:  9    Int:  8 (11) God:    Qazlal [***...]
Gold:   410        SH: 20    Dex: 10 (13) Spells: 9/9 levels left

rFire    . . .     SeeInvis +   b - +2 quarterstaff (chaos)
rCold    + . .     Faith    .   c - +0 kite shield
rNeg     + . .     Spirit   .   q - +1 scale mail {rC+}
rPois    +         Reflect  +   (helmet unavailable)
rElec    +         Harm     .   r - +2 cloak {rPois}
rCorr    .         Rampage  .   (no gloves)
Will     +++..                  (no boots)
Stlth    ..........             t - amulet of reflection
HPRegen  0.23/turn              h - ring of Zuseceo {rElec rN+ Will+ Str+4 Int+4}
MPRegen  0.12/turn              j - ring of willpower

@: very slow
A: permanent stasis, dig shafts and tunnels, four strong arms, antennae 3
a: Dig, Shaft Self, Renounce Religion, Upheaval, Elemental Force


You were on level 7 of the Dungeon.
You worshipped Qazlal.
Qazlal was most pleased with you.
You visited 1 branch of the dungeon, and saw 7 of its levels.
You also visited: Sewer and Ossuary.

You collected 410 gold pieces.

Inventory:

Hand Weapons
 a - a +0 quarterstaff
 b - a +2 quarterstaff of chaos (weapon)
Missiles
 n - 2 javelins
Armour
 c - a +0 kite shield (worn)
 q - a +1 scale mail of cold resistance (worn)
 r - a +2 cloak of poison resistance (worn)
Jewellery
 g - an uncursed amulet of regeneration {unknown}
 h - the ring of Zuseceo (left hand) {rElec rN+ Will+ Str+4 Int+4}
   (You found it on level 4 of the Dungeon)

   [ring of positive energy]

   It affects your strength (+4).
   It affects your intelligence (+4).
   It insulates you from electricity.
   It protects you from negative energy.
   It affects your willpower, your defense against some magical effects.
 j - a ring of willpower (right hand)
 t - an amulet of reflection (around neck)
 C - an uncursed amulet of regeneration {unknown}
Wands
 p - a wand of polymorph (3)
Scrolls
 i - a scroll of identify
 l - 4 scrolls of remove curse
 s - a scroll of enchant armour
 u - a scroll of magic mapping {unknown}
 x - 2 scrolls of vulnerability
 y - a scroll of immolation
 A - 2 scrolls of amnesia
 E - a scroll of fear
Potions
 d - 5 potions of might
 e - 2 potions of curing
 f - 2 potions of cancellation
 k - 3 potions of lignification
 m - 2 potions of brilliance
 o - 2 potions of degeneration
 v - a potion of mutation {unknown}
 z - 3 potions of magic {unknown}
 B - 2 potions of heal wounds {unknown}
 D - a potion of attraction {unknown}


   Skills:
 + Level 9.2 Fighting
 + Level 8.0 Staves
 - Level 5.0 Armour
 - Level 9.0 Shields


You had 9 spell levels left.
You didn't know any spells.
Your spell library contained the following spells:

 Spells                   Type           Power        Failure   Level
 Beastly Appendage        Tmut           0%           71%         1
 Wereblood                Tmut           0%           83%         2
 Spider Form              Tmut/Pois      0%           97%         3
 Ice Form                 Ice/Tmut       0%           100%        4
 Blade Hands              Tmut           0%           100%        5


Dungeon Overview and Level Annotations

Branches:
Dungeon (7/15)             Temple (0/1) D:6           Sewer (visited)
Ossuary (visited)

Altars:
Ashenzari
Dithmenos
Elyvilon
Hepliaklqana
Nemelex Xobeh
Qazlal
Sif Muna
Xom

Annotations:
D:6 Dowan, Duvessa


Innate Abilities, Weirdness & Mutations

You cannot be hasted, slowed, berserked, paralysed or teleported.
You can dig through walls and to a lower floor.
Your four strong arms can wield two-handed weapons with a shield.
You have a pair of large antennae on your head. (SInv)


Message History

You fall into the shallow water.
Moving in this stuff is going to be slow.
Your unstable footing causes you to fumble your attack.
The water nymph touches you.
* * * LOW HITPOINT WARNING * * *
The water nymph drowns you!
* * * LOW HITPOINT WARNING * * *
You block the water nymph's attack.
Unknown command.
You feel better.
A quokka comes into view.
The water nymph touches you. The water nymph drowns you!
* * * LOW HITPOINT WARNING * * *
Unknown command.
It was a potion of degeneration.
There was something very wrong with that liquid.
You feel weakened.
You feel dopey.
You feel clumsy. You block the water nymph's attack.
The water nymph touches you. The water nymph drowns you!
You die...

##..##..#.............#
#......=.#..##..##....#
#.......##..##..##....#
#.....o......#.†#......
##..##{oo.........))...
. #. #{{....(#..#).)...
... ##{y##...#..#......
...r.#m####..##..#.))...
#..≈°@.##..##..#......
#......#....o..#......
#..##..#.......#.....<
#+# #..#.. ....#...())
...# #...... #..#
#.....) #### #......
#...... #.....#


You could see a water nymph shaped shifter (fast) and a quokka.

Vanquished Creatures
  Pikel (D:4)
  A queen bee (D:6)
  Sigmund (D:6)
  Menkaure (D:4)
  A water moccasin (Sewer)
  An acid dragon (D:4)
  A black bear (D:7)
  A sky beast (D:7)
  A necrophage (D:6)
  An ogre (D:6)
  A centaur (D:5)
  A water moccasin zombie (Ossuary)
  A scorpion (D:6)
  2 killer bees (D:7)
  A bullfrog zombie (D:4)
  6 howler monkeys
  2 jellies
  A centaur skeleton (D:6)
  A centaur zombie (D:6)
  Crazy Yiuf (D:3)
  A bullfrog skeleton (D:6)
  2 orc priests
  Jessica (D:3)
  Terence (D:3)
  3 worker ants
  10 orc wizards
  4 big kobold zombies (Ossuary)
  2 mummies (Ossuary)
  2 howler monkey skeletons
  14 adders
  A shadow imp (D:5)
  An ufetubus (D:5)
  7 adder zombies
  An adder skeleton (D:5)
  2 worms
  4 dart slugs
  7 leopard geckos
  13 orcs
  A ball python (D:2)
  7 bats
  8 giant cockroaches
  4 gnoll zombies (Ossuary)
  11 goblins
  8 hobgoblins
  8 jackals
  9 kobolds
  2 quokkas
  8 frilled lizards
  4 hobgoblin zombies (Ossuary)
  A jackal skeleton (D:4)
  3 kobold zombies (Ossuary)
  5 orc zombies (Ossuary)
  10 rats
192 creatures vanquished.

Notes
Turn   | Place    | Note
-------+----------+-------------------------------------------
     0 | D:1      | Arum the Formicid Fighter began the quest for the Orb.
     0 | D:1      | Reached XP level 1. HP: 18/18 MP: 1/1
     2 | D:1      | Noticed a centaur
     2 | D:1      | Noticed a vampire
     4 | D:1      | Noticed an ogre
     6 | D:1      | Noticed an octopode
     6 | D:1      | Noticed a demonspawn
    12 | D:1      | Noticed an elf
    14 | D:1      | Noticed a spriggan
    16 | D:1      | Noticed a minotaur
    16 | D:1      | Noticed a tengu
    18 | D:1      | Noticed a naga
    18 | D:1      | Noticed a merfolk
    20 | D:1      | Noticed a human
    20 | D:1      | Noticed a demigod
    22 | D:1      | Noticed a felid
    22 | D:1      | Noticed a formicid
    24 | D:1      | Noticed a dwarf
    26 | D:1      | Noticed a halfling
    26 | D:1      | Noticed a draconian
    28 | D:1      | Noticed a troll
    28 | D:1      | Noticed a vine stalker
    30 | D:1      | Noticed a ghoul
    30 | D:1      | Noticed a gargoyle
   128 | D:1      | Reached XP level 2. HP: 24/24 MP: 2/2
   648 | D:1      | Reached XP level 3. HP: 27/29 MP: 3/3
  1025 | D:2      | Reached XP level 4. HP: 25/37 MP: 4/4
  1213 | D:2      | Found a broken altar of Ashenzari.
  1276 | D:2      | Reached XP level 5. HP: 15/42 MP: 5/5
  1736 | D:2      | Found a sparkling altar of Nemelex Xobeh.
  1816 | D:3      | Noticed Jessica
  1832 | D:3      | Killed Jessica
  1878 | D:3      | Noticed Terence
  1953 | D:3      | Killed Terence
  2246 | D:3      | Found a runed translucent door.
  2247 | D:3      | Noticed Crazy Yiuf
  2259 | D:3      | Killed Crazy Yiuf
  2563 | D:3      | Reached XP level 6. HP: 49/49 MP: 6/6
  3056 | D:4      | Noticed Menkaure
  3062 | D:4      | Killed Menkaure
  3063 | D:4      | Reached skill level 5 in Shields
  3093 | D:4      | Noticed Pikel
  3107 | D:4      | Killed Pikel
  3108 | D:4      | Reached skill level 5 in Fighting
  3108 | D:4      | Reached skill level 5 in Armour
  3108 | D:4      | Reached XP level 7. HP: 25/57 MP: 7/7
  3108 | D:4      | Reached XP level 8. HP: 29/64 MP: 8/8
  3165 | D:4      | Got a bound copper ring
  3174 | D:4      | Identified the ring of Zuseceo {rElec rN+ Will+ Str+4
                  | Int+4} (You found it on level 4 of the Dungeon)
  3183 | D:4      | Found a stormy altar of Qazlal.
  3191 | D:4      | Became a worshipper of Qazlal Stormbringer
  3281 | D:4      | Reached skill level 5 in Staves
  3498 | D:4      | Found a shimmering altar of Xom.
  3499 | D:4      | Found a shimmering altar of Xom.
  3503 | D:4      | Found a shimmering altar of Xom.
  3503 | D:4      | Found a shimmering altar of Xom.
  3504 | D:4      | Found a shimmering altar of Xom.
  3515 | D:4      | Found a shimmering altar of Xom.
  3515 | D:4      | Found a shimmering altar of Xom.
  3528 | D:4      | Found a sand-covered staircase.
  3538 | Ossuary  | Entered an ossuary
  3593 | Ossuary  | Reached * piety under Qazlal
  3933 | D:5      | Entered Level 5 of the Dungeon
  4437 | D:6      | Noticed Sigmund
  4439 | D:6      | Reached XP level 9. HP: 71/72 MP: 9/9
  4445 | D:6      | Reached ** piety under Qazlal
  4450 | D:6      | Killed Sigmund
  4516 | D:6      | Found a white marble altar of Elyvilon.
  4597 | D:6      | Found a glowing drain.
  4605 | Sewer    | Entered a sewer
  4794 | D:6      | Found a shimmering blue altar of Sif Muna.
  4798 | D:6      | Noticed a queen bee
  4798 | D:6      | a centaur changed into a queen bee
  4809 | D:6      | Killed a queen bee
  5048 | D:6      | Found a staircase to the Ecumenical Temple.
  5139 | D:6      | Found a hazy altar of Hepliaklqana.
  5139 | D:6      | Noticed Duvessa
  5139 | D:6      | Noticed Dowan
  5257 | D:7      | Found a shadowy altar of Dithmenos.
  5424 | D:7      | Reached XP level 10. HP: 82/82 MP: 10/10
  5504 | D:7      | Reached *** piety under Qazlal
  5670 | D:7      | Noticed a black mamba
  5670 | D:7      | a shapeshifter changed into a black mamba
  5673 | D:7      | Noticed a harpy
  5673 | D:7      | a black mamba changed into a harpy
  5690 | D:7      | Noticed a moth of wrath
  5690 | D:7      | a harpy changed into a moth of wrath
  5691 | D:7      | Noticed a water nymph
  5691 | D:7      | a moth of wrath changed into a water nymph
  5695 | D:7      | Drowned by a water nymph (shapeshifter)

Illustrated notes

Levels and vault maps discovered:
D:1:      kb_arrival_jail, layout_basic, chequers_serial_rivers_small_3
D:2:      layout_rooms, nicolae_ashenzari_panopticon,
          nemelex_lonely_heart_becter
D:3:      layout_basic, uniq_terence, uniq_jessica, uniq_crazy_yiuf_cottage
D:4:      layout_rooms, nicolae_overflow_hidden_temple,
          nicolae_ossuary_entry_ruins, nicolae_xom_altar_mimics, uniq_pikel,
          uniq_menkaure
D:5:      layout_basic, serial_glass, glass_columns_a, glass_columns_a,
          minmay_strange_pillars, minmay_strange_pillars, feat_on_display,
          feat_on_display
D:6:      layout_rooms, general_overflow_altar, lemuel_doored_altar,
          temple_hall, gup_sewer_entry_bubbles, elyvilon_altar_1, uniq_sigmund,
          uniq_duvessa
D:7:      layout_gridville, lemuel_round_altar, gammafunk_ghost_smash

Skill      XL: |  1  2  3  4  5  6  7  8  9 10 |
---------------+-------------------------------+-----
Shields        | 4 6 7 9 |  9.0
Armour         | 4 5 |  5.0
Fighting       | 4 5 7 8 9 |  9.2
Staves         | 3 4 5 7 8 |  8.0

Action                   |  1- 3 |  4- 6 |  7- 9 | 10-12 || total
-------------------------+-------+-------+-------+-------++-------
Melee: Quarterstaff      |   140 |   105 |   332 |    49 ||   626
       Unarmed           |       |    17 |       |       ||    17
 Abil: Dig               |     1 |     1 |     4 |     4 ||    10
Evoke: Wand              |       |       |     3 |       ||     3
  Use: Potion            |       |     3 |       |     3 ||     6
       Scroll            |       |     8 |     7 |       ||    15
 Stab: Paralysed         |       |     1 |     1 |       ||     2
       Petrifying        |       |       |     1 |       ||     1
Armor: Scale mail        |    94 |    35 |    53 |    17 ||   199
Dodge: Dodged            |    54 |    43 |    45 |    23 ||   165
Block: Kite shield       |   102 |    54 |   234 |    90 ||   480
       Reflection        |       |       |     6 |     5 ||    11
